 Dungeon Crawl Stone Soup version 0.28-a0-793-g31680bbd8b (webtiles) character file.

Game seed: 7357020887825162494

140 ytrimaz the Cutter (level 5, 0/41 HPs)
             Began as a Demonspawn Fighter on Nov 3, 2021.
             Slain by an orc (5 damage)
             ... on level 3 of the Dungeon.
             The game lasted 00:02:21 (2119 turns).

ytrimaz the Cutter (Demonspawn Fighter)             Turns: 2119, Time: 00:02:21

Health: 0/41       AC: 15    Str: 17    XL:     5   Next: 2%
Magic:  5/5        EV:  9    Int:  9    God:
Gold:   38         SH:  4    Dex: 13    Spells: 4/4 levels left

rFire   . . .      SeeInvis .   a - +0 rapier
rCold   . . .      Faith    .   c - +0 buckler
rNeg    . . .      Spirit   .   b - +0 scale mail
rPois   +          Reflect  .   e - +1 helmet
rElec   .          Harm     .   (no cloak)
rCorr   .          Rampage  .   (no gloves)
Will    .....                   (no boots)
Stlth   ..........              (no amulet)
HPRegen 0.13/turn               i - ring of poison resistance
MPRegen 0.18/turn               (no ring)

@: sanguine armoured
A: magic regeneration, sanguine armour 1
a: no special abilities


You were on level 3 of the Dungeon.
You visited 1 branch of the dungeon, and saw 3 of its levels.

You collected 38 gold pieces.

Inventory:

Hand Weapons
 a - a +0 rapier (weapon)
Armour
 b - a +0 scale mail (worn)
 c - a +0 buckler (worn)
 e - a +1 helmet (worn)
Jewellery
 i - a ring of poison resistance (left hand)
Scrolls
 f - a scroll of teleportation
 o - a scroll of immolation
Potions
 d - a potion of might
 g - a potion of invisibility
 h - a potion of ambrosia
 k - a potion of resistance
 l - a potion of magic {unknown}
 m - a potion of curing
 n - a potion of heal wounds {unknown}
 p - a potion of cancellation {unknown}


   Skills:
 + Level 3.3 Fighting
 * Level 3.4 Short Blades
 + Level 3.2 Armour
 * Level 1.5 Dodging
 + Level 3.0 Shields


You had 4 spell levels left.
You didn't know any spells.
Your spell library contained the following spells:

 Spells                   Type           Power      Damage    Failure   Level
 Corpse Rot               Necr/Air       0%         N/A       92%         2
 Dispel Undead            Necr           0%         3d6       100%        4
 Death Channel            Necr           0%         N/A       100%        6


Dungeon Overview and Level Annotations

Branches:
Dungeon (3/15)

Altars:


Innate Abilities, Weirdness & Mutations

You regenerate magic rapidly.
When seriously injured, your bleeding wounds create armour. (AC +6)


Message History

Pain shoots through your body!
* * * LOW HITPOINT WARNING * * *
You are too injured to fight recklessly!
You are too injured to fight recklessly!
You are too injured to fight recklessly!
You are too injured to fight recklessly!
You are too injured to fight recklessly!
You are too injured to fight recklessly!
You are too injured to fight recklessly!
You are too injured to fight recklessly!
You are too injured to fight recklessly!
You are too injured to fight recklessly!
You are too injured to fight recklessly!
You are too injured to fight recklessly!
You are too injured to fight recklessly!
Unknown command.
You hit the orc priest.
The orc priest is almost dead.
The orc barely misses you.
The orc priest hits you but does no damage.
You hit the orc priest.
You kill the orc priest!
The orc barely misses you.
You have reached level 5!
You barely miss the orc. You block the orc's attack.
The orc hits you with a +0 trident.
* * * LOW HITPOINT WARNING * * *
Unknown command.
You hit the orc but do no damage. The orc closely misses you.
The orc hits you but does no damage.
You closely miss the orc. The orc closely misses you.
The orc hits you with a +0 trident.
* * * LOW HITPOINT WARNING * * *
Unknown command.
You hit the orc but do no damage. You block the orc's attack.
The orc barely misses you.
Unknown command.
You hit the orc but do no damage. The orc closely misses you.
The orc hits you with a +0 trident.
You die...

... . ##... ... .....
... ...# ..... .## ..
#........####..## .....
..........#
......#..........
.....l#.........
.....ooo......# ...
#.###@......#.........
#........##.#....#..#.
...........##.#...<...#.
..............##........
.....####...............
..... #...............
.... ######..........>
.... #......†.........
#...........#....


You could see 3 orcs and a frilled lizard.

Vanquished Creatures
  A scorpion (D:2)
  An orc priest (D:3)
  A worm (D:2)
  2 dart slugs
  An orc (D:3)
  7 endoplasms
  A giant cockroach (D:1)
  3 goblins
  4 hobgoblins
  2 quokkas (D:2)
  A ball python (D:2)
  3 bats
  3 frilled lizards
  5 kobolds
  6 rats
41 creatures vanquished.

Notes
Turn   | Place    | Note
-------+----------+-------------------------------------------
     0 | D:1      | ytrimaz the Demonspawn Fighter began the quest for the Orb.
     0 | D:1      | Reached XP level 1. HP: 18/18 MP: 1/1
   479 | D:1      | Gained mutation: When seriously injured, your bleeding
                  | wounds create armour. (AC +6) [demonic ancestry]
   479 | D:1      | Reached XP level 2. HP: 22/24 MP: 2/2
   513 | D:1      | Found a faded altar of an unknown god.
  1078 | D:2      | Reached XP level 3. HP: 14/29 MP: 3/3
  1563 | D:2      | Noticed a scorpion
  1589 | D:2      | Killed a scorpion
  1590 | D:2      | Reached skill level 1 in Dodging
  1590 | D:2      | Gained mutation: You regenerate magic rapidly. [demonic
                  | ancestry]
  1590 | D:2      | Reached XP level 4. HP: 6/35 MP: 4/4
  2115 | D:3      | Reached XP level 5. HP: 13/41 MP: 5/5
  2119 | D:3      | Slain by an orc

Illustrated notes

Levels and vault maps discovered:
D:1:      ncdulo_lavacross, layout_loops_ring,
          ebering_ecumenical_altar_abandoned
D:2:      layout_loops_ring, moated_statue, grunt_ministairs_7,
          amethyst_killhole, minmay_indecisive_spiral
D:3:      layout_basic, hangedman_glass_teeth

Skill      XL: |  1  2  3 |
---------------+----------+-----
Short Blades   | 2 3 |  3.4
Armour         | 3 |  3.2
Dodging        | 1 |  1.5
Shields        | 3 |  3.0
Fighting       | |  3.3

Action                   |  1- 3 |  4- 6 || total
-------------------------+-------+-------++-------
Melee: Rapier            |   141 |    31 ||   172
  Use: Scroll            |       |     6 ||     6
Armor: Scale mail        |    60 |    16 ||    76
Dodge: Dodged            |    62 |    17 ||    79
Block: Buckler           |    30 |     7 ||    37

Table legend: (Time is in decaauts)
 A = Elapsed time spent in this place.
 B = Non-inter-level travel time spent in this place.
 C = Inter-level travel time spent in this place.
 D = Time resting spent in this place.
 E = Time spent auto-exploring this place.
 F = Levels seen in this place.
 G = Mean time per level.
                   A        B        C        D        E       F      G
               +--------+--------+--------+--------+--------+-----+--------+
         Total |   2137 |   2068 |     69 |      0 |   1706 |   3 |  712.3 |
       Dungeon |   2137 |   2068 |     69 |      0 |   1706 |   3 |  712.3 |
               +--------+--------+--------+--------+--------+-----+--------+

Top non-repeatable levels by time:
     D:2: 1342 daAuts
     D:1: 707 daAuts
     D:3: 88 daAuts
